 Dungeon Crawl Stone Soup version bcrawl-1.15.1 (webtiles) character file.

Game seed: 1684430862494138711

10475 MisterOstroum the Fighter (level 11, -3/99 HPs)
             Began as a Demigod Archaeologist on Oct 1, 2019.
             Slain by a warg (10 damage)
             ... on level 8 of the Dungeon.
             The game lasted 00:32:27 (11111 turns).

MisterOstroum the Fighter (Demigod Archaeologist)  Turns: 11111, Time: 00:32:28

Health: -3/99      AC: 15    Str: 27    XL:     11   Next: 36%
Magic:  0/21       EV: 12    Int: 18    God:    Demigod [****..]
Gold:   358        SH: 10    Dex: 15    Spells: 15/17 levels left

rFire    . . .     SeeInvis +   a - +2 short sword (venom)
rCold    . . .     Gourm    .   I - +0 shield
rNeg     + + .     Faith    .   h - +0 ring mail
rPois    .         Spirit   +   f - +0 mask of the Dragon {MR+ Slay+3 SInv}
rElec    .         Reflect  .   t - +2 cloak
rCorr    .         Harm     .   (no gloves)
MR       ++...                  d - +2 pair of boots
Stlth    ++........             E - amulet of guardian spirit
HPRegen  0.26/turn              N - ring of Qolo {*Drain +Fly Str+6}
MPRegen  0.17/turn              k - ring of Zin's Esteem {rN++ AC+3}

@: about to teleport
A: high mp 1
a: Temporal Distortion, Growth, Major Destruction, Heroism, Evoke Flight


You were on level 8 of the Dungeon.
You worshipped Demigod.
Demigod was greatly pleased with you.
You were hungry.

You visited 2 branches of the dungeon, and saw 9 of its levels.
You also visited: Ossuary.

You collected 638 gold pieces.
You spent 280 gold pieces at shops.

Inventory:

Hand Weapons
 a - a +2 short sword of venom (weapon)
 b - a +0 blowgun
 c - a +0 whip
Missiles
 o - 1795 stones (quivered)
 y - 55 javelins
 G - 60 poisoned needles
 J - 327 tomahawks
Armour
 d - a +2 pair of boots (worn)
 f - the +0 mask of the Dragon (worn) {MR+ Slay+3 SInv}

   It affects your accuracy and damage with ranged weapons and melee attacks
   (+3).
   It affects your resistance to hostile enchantments.
   It lets you see invisible.
 h - a +0 ring mail (worn)
 t - a +2 cloak (worn)
 H - a +0 chain mail
 I - a +0 shield (worn)
 M - a +0 plate armour
 R - the +0 helmet of Gravity {rF+ rC+}
   (You found it on level 7 of the Dungeon)

   It protects you from fire.
   It protects you from cold.
Jewellery
 k - the ring of Zin's Esteem (right hand) {rN++ AC+3}
   (You found it on level 7 of the Dungeon)

   [ring of protection]

   It affects your AC (+3).
   It greatly protects you from negative energy.
 r - an uncursed ring of resist corrosion
 D - an uncursed ring of protection from cold
 E - an amulet of guardian spirit (around neck)
 N - the ring of Qolo (left hand) {*Drain +Fly Str+6}
   (You found it on level 7 of the Dungeon)

   [ring of flight]

   It affects your strength (+6).
   It lets you fly.
   It causes draining when unequipped.
 O - an uncursed ring of positive energy
Wands
 g - a wand of flame (14)
 p - a wand of digging (5)
 F - a wand of paralysis (10)
Scrolls
 i - 3 scrolls of amnesia
 j - 2 scrolls of fear
 m - a scroll of fog {!r}
 w - 3 scrolls of teleportation {@r3 !r}
 P - a scroll of magic mapping {@r5 !r}
Potions
 n - a potion of flight
 q - 2 potions of invisibility
 u - 5 potions of lignification {@q6}
 x - 2 potions of mutation
 z - 6 potions of curing {@q1 !q}
 A - a potion of brilliance
 B - 3 potions of haste {@q4 !q}
 K - 2 potions of resistance
 L - a potion of berserk rage
Comestibles
 e - 15 rations {!d}
 l - 3 chunks of flesh


   Skills:
 - Level 10.0 Fighting
 - Level 5.0 Short Blades
 - Level 2.0 Maces & Flails
 - Level 2.0 Throwing
 - Level 4.5 Armour
 - Level 5.4 Dodging
 - Level 3.0 Stealth
 - Level 3.6 Shields
 + Level 3.9 Spellcasting
 + Level 4.3 Translocations
 - Level 9.2 Invocations
 - Level 3.9 Evocations


You had 15 spell levels left.
You knew the following spells:

 Your Spells              Type           Power        Failure   Level  Hunger
B - Blink                 Tloc           N/A          24%         2    ##.....

Your spell library contained the following spells:

 Spells                   Type           Power        Failure   Level  Hunger
 Magic Dart               Conj           #...         67%         1    None
 Slow                     Hex            #.......     67%         1    None
 Call Imp                 Summ           #.......     82%         2    ##.....
 Conjure Flame            Conj/Fire      #.......     96%         3    ###....
 Mephitic Cloud           Conj/Pois/Air  #.......     96%         3    ###....


Dungeon Overview and Level Annotations

Branches:
Dungeon (8/12)             Temple (1/1) D:7
   Lair: D:7-9          Orc: D:8-11

Shops:
D:8 :

Annotations:
D:3 1 runed door, exclusion: door
D:5 1 runed translucent door, endorz's ghost, amateur FeMo


Innate Abilities, Weirdness & Mutations

You have an increased reservoir of magic. (+10% MP)


Message History

Throwing (i - inventory. (/) - cycle)
o - 1799 stones (quivered)
Press: ? - help, Shift-Dir - straight line, f/p - warg
Aim: a warg (lightly wounded)
You throw a stone. The stone hits the warg.
The warg is lightly wounded.
Throwing (i - inventory. (/) - cycle)
o - 1798 stones (quivered)
Press: ? - help, Shift-Dir - straight line, f/p - warg
Aim: a warg (lightly wounded)
You throw a stone. The stone closely misses the warg.
Throwing (i - inventory. (/) - cycle)
o - 1797 stones (quivered)
Press: ? - help, Shift-Dir - straight line, f/p - warg
Aim: a warg (lightly wounded)
You throw a stone.
The stone hits the warg but does no damage.
The warg is lightly wounded.
Throwing (i - inventory. (/) - cycle)
o - 1796 stones (quivered)
Press: ? - help, Shift-Dir - straight line, f/p - warg
Aim: a warg (lightly wounded)
You throw a stone. The stone hits the warg.
The warg is lightly wounded.
A warg comes into view.
The warg bites you but does no damage.
A warg comes into view.
Wield which item (- for none, * to show all)? (? for menu, Esc to quit)
Your +2 short sword of venom begins to drip with poison!
a - a +2 short sword of venom (weapon)
The warg howls!
The warg misses you.
Your shield prevents you from hitting the warg.
The warg is lightly wounded.
The warg barely misses you.
A warg comes into view.
The warg closely misses you.
You completely miss the warg.
The warg is moderately wounded.
The warg howls!
You block the warg's attack. The warg bites you! The warg bites you.
The warg howls!
You hit the warg.
The warg is heavily wounded.
You hear a shout!
The warg bites you.
You block the warg's attack. x2; The warg bites you!
The warg bites you.
You hear a shout!
You hit the warg.
The warg is severely wounded.
You hear a shout!
You block the warg's attack. The warg bites you. You block the warg's attack.
You closely miss the warg.
The warg is severely wounded.
The warg closely misses you. x2; The warg misses you.
You block the warg's attack.
You warp the flow of time around you!
You feel somewhat more hungry.
An orc warrior comes into view. It is wielding a +0 dire flail.
Unknown command.
Okay, then.
Unknown command.
You warp the flow of time around you!
You feel somewhat more hungry.
The orc warrior shouts!
You closely miss the warg. The warg bites you. The warg bites you!
The warg bites you but does no damage. You block the warg's attack.
The warg bites you.
You are feeling hungry.
The warg bites you! You block the warg's attack.
The warg closely misses you. x2
The warg bites you! The warg bites you but does no damage.
You warp the flow of time around you!
You feel somewhat more hungry.
You puncture the warg!
The warg is moderately wounded.
The warg bites you but does no damage. The warg closely misses you.
You block the warg's attack.
You miss the warg.
The warg is moderately wounded.
The warg bites you but does no damage. x2; You block the warg's attack.
The warg bites you! The warg bites you but does no damage.
You block the warg's attack.
Really read
w - 4 scrolls of teleportation {@r3 !r}?
As you read the scroll of teleportation {@r3 !r}, it crumbles to dust.
You feel strangely unstable. The warg misses you. You block the warg's attack.
The warg bites you but does no damage. The warg bites you.
* * * LOW HITPOINT WARNING * * *
Okay, then.
Unknown command.
You closely miss the warg.
The warg is moderately wounded.
The warg closely misses you. You block the warg's attack. The warg bites you!
* * * LOW HITPOINT WARNING * * *
The warg barely misses you.
You hit the warg.
The warg is heavily wounded.
You block the warg's attack. The warg barely misses you.
The warg bites you but does no damage. x2; The warg bites you!
* * * LOW HITPOINT WARNING * * *
Okay, then.
You hit the warg.
The warg is lightly wounded.
The warg barely misses you.
The warg bites you but does no damage. x2
The warg bites you!
You die...
Your divinity fades.

#.#.≈≈≈....#.........##
#'###≈≈....##.........#
####
#.o.#≈≈P...####........
.....#oo.#≈≈....#
##.......
≈≈≈≈≈#####≈≈....#
#......#
≈≈≈≈≈≈≈≈≈≈≈≈....#
##.....#
≈≈≈≈≈≈≈≈≈≈≈h....#
##....##
..........hPh...#
##÷.####
.........hh@h...# #.###
################# ###


You could see 6 wargs, an orc warrior and an orc.

Vanquished Creatures
  A hydra (D:7)
  A two-headed ogre (D:8)
  A tengu warrior (D:7)
  A cyclops (D:7)
  A gargoyle (D:7)
  2 trolls (D:8)
  4 hippogriffs
  2 meliai zombies
  Sigmund (D:4)
  A vampire (D:7)
  A wraith (Ossuary)
  11 yaks (D:8)
  A hungry ghost (D:6)
  4 wargs
  2 sky beasts (D:7)
  An eye of draining (D:8)
  3 phantoms
  An ice beast (D:8)
  A necrophage (D:7)
  9 ogres
  2 centaurs
  3 bullfrogs
  A crocodile (D:7)
  A big kobold (D:4)
  4 scorpions
  A wight (D:7)
  A howler monkey (D:8)
  4 bullfrog zombies
  A quasit (D:8)
  5 crimson imps
  A human zombie (D:6)
  A centaur skeleton (D:6)
  5 hounds
  3 jellies (D:7)
  7 orc wizards
  6 orc priests
  Jessica (D:2)
  2 bullfrog skeletons
  An iguana (D:7)
  4 worker ants
  A mummy (Ossuary)
  7 adders
  A shadow imp (D:8)
  An adder zombie (D:6)
  3 adder skeletons
  2 dart slugs
  8 leopard geckos
  37 orcs
  A ball python (D:2)
  5 bats
  3 giant cockroaches
  4 goblins
  14 hobgoblins
  13 jackals
  6 kobolds
  4 quokkas
  2 frilled lizards
  11 gnoll skeletons (Ossuary)
  A goblin zombie (D:6)
  2 kobold skeletons (Ossuary)
  12 orc skeletons (Ossuary)
  6 rats
247 creatures vanquished.

Notes
Turn   | Place    | Note
-------+----------+-------------------------------------------
     0 | D:1      | MisterOstroum the Demigod Archaeologist began the quest for
                  | the Orb.
     0 | D:1      | Reached XP level 1. HP: 15/15 MP: 3/3
    77 | D:1      | Reached skill level 1 in Fighting
   144 | D:1      | Reached skill level 1 in Invocations
   241 | D:1      | Reached XP level 2. HP: 20/23 MP: 5/5
   372 | D:1      | Reached skill level 1 in Evocations
   681 | D:2      | Noticed Jessica
   733 | D:2      | Killed Jessica
   733 | D:2      | Reached XP level 3. HP: 19/29 MP: 5/7
   901 | D:2      | Reached skill level 2 in Fighting
  1087 | D:2      | Reached * piety under Demigod
  1314 | D:2      | Found a burning altar of Makhleb.
  1363 | D:2      | Reached XP level 4. HP: 37/37 MP: 8/8
  1619 | D:2      | Reached skill level 3 in Fighting
  1866 | D:3      | Reached skill level 4 in Fighting
  1979 | D:3      | Found a glowing golden altar of the Shining One.
  2078 | D:3      | Found a runed door.
  2257 | D:3      | Reached XP level 5. HP: 47/47 MP: 9/9
  2319 | D:3      | Reached ** piety under Demigod
  2457 | D:3      | Found a burning altar of Makhleb.
  2613 | D:4      | Reached skill level 5 in Fighting
  2737 | D:3      | Found a burning altar of Makhleb.
  2915 | D:3      | Found a glowing golden altar of the Shining One.
  3852 | D:4      | Reached skill level 1 in Maces & Flails
  3885 | D:4      | Reached XP level 6. HP: 57/57 MP: 11/11
  4063 | D:3      | Reached skill level 6 in Fighting
  4380 | D:4      | Found a snail-covered altar of Cheibriados.
  4392 | D:4      | Noticed Sigmund
  4432 | D:4      | Killed Sigmund
  4432 | D:4      | Reached skill level 5 in Invocations
  4432 | D:4      | Reached XP level 7. HP: 54/64 MP: 11/14
  4509 | D:4      | Reached skill level 7 in Fighting
  4852 | D:5      | Entered Level 5 of the Dungeon
  4888 | D:5      | Reached skill level 1 in Short Blades
  4970 | D:5      | Noticed endorz's ghost (amateur FeMo)
  4971 | D:5      | Found a runed translucent door.
  5401 | D:5      | Found a sparkling altar of Nemelex Xobeh.
  5419 | D:5      | Reached skill level 1 in Armour
  5419 | D:5      | Reached XP level 8. HP: 28/74 MP: 6/16
  5625 | D:5      | Found an opulent altar of Gozag.
  5647 | D:5      | Found an ornate altar of the Wu Jian Council.
  5810 | D:5      | Reached *** piety under Demigod
  6212 | D:6      | Reached skill level 8 in Fighting
  6221 | D:6      | Found a sand-covered staircase.
  6275 | Ossuary  | Entered an ossuary
  6445 | Ossuary  | Reached skill level 1 in Throwing
  6615 | D:6      | Found a bloodstained altar of Trog.
  6615 | D:6      | Found a radiant altar of Vehumet.
  6743 | D:6      | Reached **** piety under Demigod
  6834 | D:6      | Found a shadowy altar of Dithmenos.
  6908 | D:6      | Found a shimmering blue altar of Sif Muna.
  7044 | D:6      | Reached XP level 9. HP: 72/82 MP: 15/17
  7245 | D:7      | Found a sacrificial altar of Ru.
  7471 | D:7      | Found a shattered altar of Ashenzari.
  7499 | D:7      | Reached skill level 1 in Shields
  7797 | D:7      | Found a staircase to the Ecumenical Temple.
  7806 | Temple   | Entered the Ecumenical Temple
  8084 | D:7      | Noticed a gargoyle
  8107 | D:7      | Killed a gargoyle
  8107 | D:7      | Reached skill level 9 in Fighting
  8449 | D:7      | Noticed a tengu warrior
  8450 | D:7      | Noticed a five-headed hydra
  8490 | D:7      | Killed a tengu warrior
  8490 | D:7      | Reached XP level 10. HP: 44/91 MP: 11/19
  8834 | D:7      | Killed a five-headed hydra
  8834 | D:7      | Reached skill level 5 in Dodging
  9098 | D:7      | Got a scorched steel ring
  9100 | D:7      | Got a smoking iron ring
  9135 | D:7      | Identified the ring of Zin's Esteem {rN++ AC+3} (You found
                  | it on level 7 of the Dungeon)
  9137 | D:7      | Identified the ring of Qolo {*Drain +Fly Str+6} (You found
                  | it on level 7 of the Dungeon)
  9154 | D:7      | Noticed a cyclops
  9175 | D:7      | Killed a cyclops
  9230 | D:7      | Got a heavily runed helmet
  9620 | D:8      | Reached skill level 10 in Fighting
  9652 | D:8      | Reached skill level 5 in Short Blades
  9695 | D:7      | Identified the cursed +0 helmet of Gravity {rF+ rC+} (You
                  | found it on level 7 of the Dungeon)
  9738 | D:8      | Found Vaeps's Book Shop.
  9742 | D:8      | Bought a book of Minor Magic for 280 gold pieces
  9755 | D:8      | Learned a level 2 spell: Blink
  9815 | D:8      | Reached skill level 1 in Spellcasting
  9815 | D:8      | Reached skill level 1 in Translocations
  9834 | D:8      | Reached XP level 11. HP: 93/99 MP: 19/21
 10087 | D:8      | Noticed a two-headed ogre
 10462 | D:8      | Killed a two-headed ogre
 11111 | D:8      | Slain by a warg

Skill      XL: |  1  2  3  4  5  6  7  8  9 10 11 |
---------------+----------------------------------+-----
Fighting       | 1 2 4 5 6 7 8 9 10 | 10.0
Invocations    | 1 2 3 5 6 7 8 9 |  9.2
Evocations     | 1 2 3 |  3.9
Maces & Flails | 1 2 |  2.0
Short Blades   | 2 3 4 5 |  5.0
Armour         | 1 2 3 4 |  4.5
Dodging        | 3 4 5 |  5.4
Throwing       | 1 2 |  2.0
Shields        | 2 3 |  3.6
Spellcasting   | 1 3 |  3.9
Translocations | 1 4 |  4.3
Stealth        | |  3.0

Action                   |  1- 3 |  4- 6 |  7- 9 | 10-12 || total
-------------------------+-------+-------+-------+-------++-------
Melee: Whip              |   149 |   300 |    38 |       ||   487
       Blowgun           |       |     1 |       |       ||     1
       Short sword       |       |       |   337 |   247 ||   584
 Fire: Blowgun           |       |    43 |    29 |    45 ||   117
Throw: Javelin           |       |    19 |     7 |    24 ||    50
       Stone             |       |     9 |       |    15 ||    24
       Tomahawk          |       |       |    35 |    21 ||    56
Invok: Major Destruction |       |       |     8 |     9 ||    17
       Heroism           |       |       |     1 |     5 ||     6
       Temporal Distorti |       |       |       |     3 ||     3
  Use: Potion            |     1 |       |       |       ||     1
       Scroll            |       |       |    10 |    10 ||    20
 Stab: Sleeping          |     2 |     2 |       |       ||     4
       Distracted        |       |       |       |     1 ||     1
  Eat: Chunk             |     2 |    10 |    13 |     5 ||    30
       Ration            |       |       |     1 |     1 ||     2
Armor: Ring mail         |    66 |    56 |       |    34 ||   156
       Robe              |     1 |       |       |       ||     1
       Chain mail        |       |   114 |   215 |    67 ||   396
Dodge: Dodged            |   147 |   183 |   140 |   108 ||   578
Block: Shield            |       |       |    55 |   128 ||   183
